| TOP OF THE 1ST |
|
Tri-City Dust Devils batting - Pitching for Boise Hawks : RHP Tsuneyoshi Kubo
|
|
Pitching: RHP Tsuneyoshi Kubo
|
|
|
Batting: SHB Yutaro Takahashi
|
0-0: Swinging Strike 0-1: Ball 1-1: Bunt missed! 1-2: Ball 2-2: Ball 3-2: Foul Ball, location: 2F 3-2: SINGLE (Line Drive, 78S, EV 95.6 MPH)
|
|
Batting: LHB Phil Lerner
|
0-0: Called Strike Yutaro Takahashi steals 2nd base 0-1: Foul Ball, location: 2F 0-2: Strikes out swinging
|
|
Batting: RHB Hector Fernandez
|
0-0: Ball 1-0: Foul Ball, location: 2F 1-1: Ball Yutaro Takahashi is caught stealing 3rd base 2-5 2-1: Ball 3-1: SINGLE (Groundball, 56D, EV 97.5 MPH)
|
|
Batting: SHB Manny Berrones
|
0-0: Ball 1-0: Foul Ball, location: 2F 1-1: Ball 2-1: Fly out, F9 (Line Drive, 89S, EV 89.4 MPH)
|
| Top of the 1st over - 0 runs, 2 hits, 0 errors, 1 left on base; Tri-City 0 - Boise 0 |
| BOTTOM OF THE 1ST |
|
Boise Hawks batting - Pitching for Tri-City Dust Devils : RHP Roger Watkins
|
|
Pitching: RHP Roger Watkins
|
|
|
Batting: LHB Eddie Gonzalez
|
0-0: Ground out U3 (Groundball, 3, EV 106.2 MPH)
|
|
Batting: SHB Jamie Locke
|
0-0: Ball 1-0: Ball 2-0: Called Strike 2-1: Foul Ball, location: 2F 2-2: SINGLE (Groundball, 4M, EV 109.4 MPH) (infield hit)
|
|
Batting: RHB Ryan Rinaldi
|
0-0: Called Strike Jamie Locke steals 2nd base 0-1: TRIPLE (Line Drive, 7D, EV 88.8 MPH) Jamie Locke scores
|
|
Batting: SHB Morgan Batson
|
0-0: Called Strike 0-1: Ball 1-1: Fly out, F1 (Line Drive, P, EV 66.9 MPH)
|
|
Batting: LHB Jeremy Brammer
|
0-0: Called Strike 0-1: Ball 1-1: Ball 2-1: Called Strike 2-2: Foul Ball, location: 2F 2-2: Fly out, F8 (Flyball, 8LS, EV 96.9 MPH)
|
| Bottom of the 1st over - 1 run, 2 hits, 0 errors, 1 left on base; Tri-City 0 - Boise 1 |
| TOP OF THE 2ND |
|
Tri-City Dust Devils batting - Pitching for Boise Hawks : RHP Tsuneyoshi Kubo
|
|
Batting: LHB Jeremy DiGenova
|
0-0: Ball 1-0: Foul Ball, location: 2F 1-1: Ball 2-1: Swinging Strike 2-2: SOLO HOME RUN (Flyball, 7D, EV 93.8 MPH), Distance : 354 ft
|
|
Batting: RHB Zachary Sidney
|
0-0: DOUBLE (Line Drive, 78D, EV 110.0 MPH)
|
|
Batting: LHB Roger Duque
|
0-0: Ball Wild Pitch! Zachary Sidney to third 1-0: Foul Ball, location: 2F 1-1: Swinging Strike 1-2: Strikes out swinging
|
|
Batting: RHB Paul Van Gilder
|
0-0: Foul Ball, location: 2F 0-1: Ball 1-1: Swinging Strike 1-2: Ball 2-2: Strikes out swinging
|
|
Batting: RHB Alfredo Lemus
|
0-0: Ball 1-0: Ball 2-0: Fly out, F8 (Line Drive, 8RD, EV 84.4 MPH)
|
| Top of the 2nd over - 1 run, 2 hits, 0 errors, 1 left on base; Tri-City 1 - Boise 1 |
| BOTTOM OF THE 2ND |
|
Boise Hawks batting - Pitching for Tri-City Dust Devils : RHP Roger Watkins
|
|
Batting: LHB Joe Miller
|
0-0: Ball 1-0: DOUBLE (Line Drive, 78XD, EV 111.2 MPH)
|
|
Batting: RHB Josh Martin
|
0-0: Ball 1-0: Ball 2-0: Swinging Strike 2-1: Ball 3-1: DOUBLE (Flyball, 8RD, EV 95.0 MPH) Joe Miller scores
|
|
Batting: RHB Kevin McKasson
|
0-0: Called Strike 0-1: Foul Ball, location: 2F 0-2: Ball 1-2: Strikes out looking
|
|
Batting: RHB Haykuhi Kagramanian
|
0-0: Ball 1-0: Ball 2-0: Foul Ball, location: 2F 2-1: Foul Ball, location: 2F 2-2: Foul Ball, location: 2F 2-2: Ball 3-2: Foul Ball, location: 2F 3-2: DOUBLE (Flyball, 8LXD, EV 105.0 MPH) Josh Martin scores
|
|
Batting: LHB Eddie Gonzalez
|
0-0: Ground out 4-3 (Groundball, 4, EV 83.8 MPH) Haykuhi Kagramanian to third
|
|
Batting: SHB Jamie Locke
|
0-0: Ball 1-0: Fly out, F9 (Flyball, 9, EV 97.5 MPH)
|
| Bottom of the 2nd over - 2 runs, 3 hits, 0 errors, 1 left on base; Tri-City 1 - Boise 3 |
| TOP OF THE 3RD |
|
Tri-City Dust Devils batting - Pitching for Boise Hawks : RHP Tsuneyoshi Kubo
|
|
Batting: SHB Yutaro Takahashi
|
0-0: Ball 1-0: Ball 2-0: Ball 3-0: Base on Balls
|
|
Batting: LHB Phil Lerner
|
0-0: Called Strike 0-1: SINGLE (Groundball, 6M, EV 104.4 MPH) Yutaro Takahashi to second
|
|
Batting: RHB Hector Fernandez
|
0-0: Ball Yutaro Takahashi steals 3rd base Phil Lerner to second 1-0: Ball 2-0: 3-RUN HOME RUN (Flyball, 78XD, EV 102.5 MPH), Distance : 409 ft
|
|
Batting: SHB Manny Berrones
|
0-0: Called Strike 0-1: SOLO HOME RUN (Flyball, 9LD, EV 91.9 MPH), Distance : 329 ft
|
|
Batting: LHB Jeremy DiGenova
|
0-0: Called Strike 0-1: Swinging Strike 0-2: Ball 1-2: Ground out 4-3 (Groundball, 4S, EV 82.5 MPH)
|
|
Batting: RHB Zachary Sidney
|
0-0: Called Strike 0-1: Hit by Pitch
|
|
Pitching: RHP Angelo Ayala
|
|
|
Batting: LHB Roger Duque
|
0-0: Ball 1-0: Ball 2-0: Called Strike 2-1: Called Strike 2-2: Fielders Choice at 2nd, 4-6 (Groundball, 4, EV 88.8 MPH)
|
|
Batting: RHB Paul Van Gilder
|
0-0: Ball 1-0: Called Strike Roger Duque steals 2nd base 1-1: Foul Ball, location: 2F 1-2: Strikes out swinging
|
| Top of the 3rd over - 4 runs, 3 hits, 0 errors, 1 left on base; Tri-City 5 - Boise 3 |
| BOTTOM OF THE 3RD |
|
Boise Hawks batting - Pitching for Tri-City Dust Devils : RHP Roger Watkins
|
|
Batting: RHB Ryan Rinaldi
|
0-0: Called Strike 0-1: Ball 1-1: Ball 2-1: Foul Ball, location: 2F 2-2: Fly out, F9 (Flyball, 89S, EV 84.4 MPH)
|
|
Batting: SHB Morgan Batson
|
0-0: SINGLE (Groundball, 4D, EV 96.9 MPH)
|
|
Batting: LHB Jeremy Brammer
|
0-0: Foul Ball, location: 2F 0-1: Fielders Choice at 2nd, 4-6 (Groundball, 4, EV 87.5 MPH)
|
|
Batting: LHB Joe Miller
|
0-0: Called Strike 0-1: Called Strike 0-2: Foul Ball, location: 2F 0-2: 2-RUN HOME RUN (Line Drive, 9LD, EV 98.1 MPH), Distance : 348 ft
|
|
Batting: RHB Josh Martin
|
0-0: Called Strike 0-1: Ball 1-1: Ball 2-1: Foul Ball, location: 2F 2-2: SINGLE (Groundball, P, EV 87.5 MPH) (infield hit)
|
|
Batting: RHB Kevin McKasson
|
0-0: Ball 1-0: SINGLE (Line Drive, 8RS, EV 107.5 MPH) Josh Martin to second
|
|
Pitching: RHP Geoff McDaniel
|
|
|
Batting: RHB Haykuhi Kagramanian
|
0-0: Called Strike 0-1: Ground out 4-3 (Groundball, 4S, EV 81.9 MPH)
|
| Bottom of the 3rd over - 2 runs, 4 hits, 0 errors, 2 left on base; Tri-City 5 - Boise 5 |
| TOP OF THE 4TH |
|
Tri-City Dust Devils batting - Pitching for Boise Hawks : RHP Angelo Ayala
|
|
Batting: RHB Alfredo Lemus
|
0-0: Ball 1-0: Fly out, F7 (Flyball, 7, EV 94.4 MPH)
|
|
Batting: SHB Yutaro Takahashi
|
0-0: Ball 1-0: Called Strike 1-1: Ground out U3 (Groundball, 3L, EV 100.0 MPH)
|
|
Batting: LHB Phil Lerner
|
0-0: Foul Ball, location: 2F 0-1: Foul Ball, location: 2F 0-2: Ball 1-2: Ball 2-2: Ball 3-2: Base on Balls
|
|
Batting: RHB Hector Fernandez
|
0-0: Ball Phil Lerner steals 2nd base 1-0: Ground out 3-1 (Groundball, 34, EV 78.8 MPH)
|
| Top of the 4th over - 0 runs, 0 hits, 0 errors, 1 left on base; Tri-City 5 - Boise 5 |
| BOTTOM OF THE 4TH |
|
Boise Hawks batting - Pitching for Tri-City Dust Devils : RHP Geoff McDaniel
|
|
Batting: LHB Eddie Gonzalez
|
0-0: Ground out 1-3 (Groundball, 23, EV 68.8 MPH)
|
|
Batting: SHB Jamie Locke
|
0-0: Ball 1-0: Ground out 4-3 (Groundball, 4, EV 87.5 MPH)
|
|
Batting: RHB Ryan Rinaldi
|
0-0: Ground out U3 (Groundball, 34S, EV 78.1 MPH)
|
| Bottom of the 4th over - 0 runs, 0 hits, 0 errors, 0 left on base; Tri-City 5 - Boise 5 |
| TOP OF THE 5TH |
|
Tri-City Dust Devils batting - Pitching for Boise Hawks : RHP Angelo Ayala
|
|
Batting: SHB Manny Berrones
|
0-0: SOLO HOME RUN (Flyball, 9D, EV 95.0 MPH), Distance : 358 ft
|
|
Batting: LHB Jeremy DiGenova
|
0-0: Swinging Strike 0-1: Ground out 6-3 (Groundball, 6M, EV 100.0 MPH)
|
|
Batting: RHB Zachary Sidney
|
0-0: Foul Ball, location: 2F 0-1: Ball 1-1: Ground out 1-3 (Groundball, 13, EV 72.5 MPH)
|
|
Batting: LHB Roger Duque
|
0-0: Called Strike 0-1: Ground out 6-3 (Groundball, 6, EV 84.4 MPH)
|
| Top of the 5th over - 1 run, 1 hit, 0 errors, 0 left on base; Tri-City 6 - Boise 5 |
| BOTTOM OF THE 5TH |
|
Boise Hawks batting - Pitching for Tri-City Dust Devils : RHP Geoff McDaniel
|
|
Batting: SHB Morgan Batson
|
0-0: Foul Ball, location: 2F 0-1: Swinging Strike 0-2: Ball 1-2: Ball 2-2: Foul Ball, location: 2F 2-2: Strikes out swinging
|
|
Batting: LHB Jeremy Brammer
|
0-0: Ball 1-0: Ground out 5-3 (Groundball, 56, EV 108.1 MPH)
|
|
Batting: LHB Joe Miller
|
0-0: Foul Ball, location: 2F 0-1: Swinging Strike 0-2: Ball 1-2: Foul Ball, location: 2F 1-2: Ground out 6-3 (Groundball, 6, EV 105.0 MPH)
|
| Bottom of the 5th over - 0 runs, 0 hits, 0 errors, 0 left on base; Tri-City 6 - Boise 5 |
| TOP OF THE 6TH |
|
Tri-City Dust Devils batting - Pitching for Boise Hawks : RHP Angelo Ayala
|
|
Batting: RHB Paul Van Gilder
|
0-0: Ball 1-0: Ball 2-0: Ball 3-0: Called Strike 3-1: Base on Balls
|
|
Batting: RHB Alfredo Lemus
|
0-0: Ball 1-0: Foul Ball, location: 2F 1-1: Swinging Strike 1-2: Ball 2-2: Ball 3-2: Base on Balls Paul Van Gilder to second
|
|
Batting: SHB Yutaro Takahashi
|
0-0: Ball 1-0: Foul Ball, location: 2F 1-1: Ball 2-1: Swinging Strike 2-2: Strikes out swinging
|
|
Pitching: LHP Rich Byrd
|
|
|
Batting: LHB Phil Lerner
|
0-0: SINGLE (Line Drive, 4MD, EV 96.2 MPH) Paul Van Gilder to third Alfredo Lemus to second
|
|
Batting: RHB Hector Fernandez
|
0-0: Ball 1-0: Called Strike 1-1: DOUBLE (Flyball, 5D, EV 96.2 MPH) Paul Van Gilder scores Alfredo Lemus scores Phil Lerner to third Runner from 3rd tries for Home, SAFE, no throw by LF
|
|
Batting: SHB Manny Berrones
|
0-0: Ball 1-0: Ground out 6-3 (Groundball, 6, EV 103.8 MPH)
|
|
Batting: LHB Jeremy DiGenova
|
0-0: Swinging Strike 0-1: Foul Ball, location: 2F 0-2: Strikes out swinging
|
| Top of the 6th over - 3 runs, 2 hits, 0 errors, 1 left on base; Tri-City 9 - Boise 5 |
| BOTTOM OF THE 6TH |
|
Boise Hawks batting - Pitching for Tri-City Dust Devils : RHP Geoff McDaniel
|
|
Batting: RHB Josh Martin
|
0-0: Called Strike 0-1: Foul Ball, location: 2F 0-2: Strikes out swinging
|
|
Batting: RHB Kevin McKasson
|
0-0: Ball 1-0: Called Strike 1-1: Ball 2-1: Called Strike 2-2: Ground out 6-3 (Groundball, 6, EV 100.0 MPH)
|
|
Batting: RHB Haykuhi Kagramanian
|
0-0: Ball 1-0: Called Strike 1-1: Called Strike 1-2: Strikes out swinging
|
| Bottom of the 6th over - 0 runs, 0 hits, 0 errors, 0 left on base; Tri-City 9 - Boise 5 |
| TOP OF THE 7TH |
|
Tri-City Dust Devils batting - Pitching for Boise Hawks : LHP Rich Byrd
|
|
Pitching: RHP Jim Crooks
|
|
|
Batting: RHB Zachary Sidney
|
0-0: Foul Ball, location: 2F 0-1: Called Strike 0-2: Fly out, F9 (Line Drive, 9S, EV 106.2 MPH)
|
|
Batting: LHB Roger Duque
|
0-0: Ball 1-0: Called Strike 1-1: Swinging Strike 1-2: Ball 2-2: Foul Ball, location: 2F 2-2: SINGLE (Groundball, 4D, EV 106.2 MPH)
|
|
Batting: RHB Paul Van Gilder
|
0-0: Ball 1-0: Ball 2-0: Fly out, F9 (Flyball, 89M, EV 86.9 MPH)
|
|
Batting: RHB Alfredo Lemus
|
0-0: Foul Ball, location: 2F 0-1: Foul Ball, location: 2F 0-2: Ball 1-2: Ball 2-2: Foul Ball, location: 2F 2-2: Ground out 5-3 (Groundball, 5S, EV 63.1 MPH)
|
| Top of the 7th over - 0 runs, 1 hit, 0 errors, 1 left on base; Tri-City 9 - Boise 5 |
| BOTTOM OF THE 7TH |
|
Boise Hawks batting - Pitching for Tri-City Dust Devils : RHP Geoff McDaniel
|
|
Pitching: RHP Wayne Kerrick
|
|
|
Batting: LHB Eddie Gonzalez
|
0-0: Foul Ball, location: 2F 0-1: Ground out 6-3 (Groundball, 56D, EV 83.1 MPH)
|
|
Batting: SHB Jamie Locke
|
0-0: Foul Ball, location: 2F 0-1: Ball 1-1: Ball 2-1: Ball 3-1: Ground out 4-3 (Groundball, 4, EV 101.9 MPH)
|
|
Batting: RHB Ryan Rinaldi
|
0-0: Called Strike 0-1: Called Strike 0-2: Ball 1-2: Ground out 4-3 (Groundball, 4, EV 80.6 MPH)
|
| Bottom of the 7th over - 0 runs, 0 hits, 0 errors, 0 left on base; Tri-City 9 - Boise 5 |
| TOP OF THE 8TH |
|
Tri-City Dust Devils batting - Pitching for Boise Hawks : RHP Jim Crooks
|
|
Pitching: RHP Davon Ware
|
|
|
Batting: SHB Yutaro Takahashi
|
0-0: Called Strike 0-1: Called Strike 0-2: Ground out 4-3 (Groundball, 4, EV 90.0 MPH)
|
|
Batting: LHB Phil Lerner
|
0-0: Called Strike 0-1: Foul Ball, location: 2F 0-2: Strikes out swinging
|
|
Batting: RHB Hector Fernandez
|
0-0: Ball 1-0: Called Strike 1-1: Foul Ball, location: 2F 1-2: Foul Ball, location: 2F 1-2: SINGLE (Groundball, 34S, EV 67.5 MPH) (infield hit)
|
|
Batting: SHB Manny Berrones
|
0-0: Ball 1-0: Foul Ball, location: 2F Pickoff Throw to First - Out! 1-3 CS
|
| Top of the 8th over - 0 runs, 1 hit, 0 errors, 0 left on base; Tri-City 9 - Boise 5 |
| BOTTOM OF THE 8TH |
|
Boise Hawks batting - Pitching for Tri-City Dust Devils : RHP Wayne Kerrick
|
|
Batting: SHB Morgan Batson
|
0-0: Called Strike 0-1: Fly out, F7 (Line Drive, 7S, EV 98.8 MPH)
|
|
Batting: LHB Jeremy Brammer
|
0-0: Foul Ball, location: 2F 0-1: Ground out 5-3 (Groundball, 56, EV 90.6 MPH)
|
|
Batting: LHB Joe Miller
|
0-0: Ball 1-0: DOUBLE (Line Drive, 7LD, EV 97.5 MPH)
|
|
Batting: RHB Josh Martin
|
0-0: Ball 1-0: SINGLE (Groundball, 56, EV 107.5 MPH) Joe Miller to third
|
|
Batting: RHB Kevin McKasson
|
0-0: Foul Ball, location: 2F 0-1: Foul Ball, location: 2F 0-2: Ball 1-2: Strikes out looking
|
| Bottom of the 8th over - 0 runs, 2 hits, 0 errors, 2 left on base; Tri-City 9 - Boise 5 |
| TOP OF THE 9TH |
|
Tri-City Dust Devils batting - Pitching for Boise Hawks : RHP Davon Ware
|
|
Batting: SHB Manny Berrones
|
0-0: Ball 1-0: Ball 2-0: Fly out, F8 (Flyball, 8LM, EV 94.4 MPH)
|
|
Batting: LHB Jeremy DiGenova
|
0-0: Swinging Strike 0-1: Foul Ball, location: 2F 0-2: Foul Ball, location: 2F 0-2: Fly out, F9 (Flyball, 9LM, EV 80.0 MPH)
|
|
Batting: RHB Zachary Sidney
|
0-0: Hit by Pitch
|
|
Batting: LHB Roger Duque
|
0-0: Foul Ball, location: 2F 0-1: Foul Ball, location: 2F 0-2: Ball 1-2: Fly out, F7 (Line Drive, 7, EV 89.4 MPH)
|
| Top of the 9th over - 0 runs, 0 hits, 0 errors, 1 left on base; Tri-City 9 - Boise 5 |
| BOTTOM OF THE 9TH |
|
Boise Hawks batting - Pitching for Tri-City Dust Devils : RHP Wayne Kerrick
|
|
Pitching: RHP Zach Monlux
|
|
|
Batting: RHB Haykuhi Kagramanian
|
0-0: Called Strike 0-1: Ball 1-1: Swinging Strike 1-2: Ball 2-2: Ground out 6-3 (Groundball, 6, EV 81.9 MPH)
|
|
Batting: LHB Eddie Gonzalez
|
0-0: Ball 1-0: Called Strike 1-1: Foul Ball, location: 2F 1-2: DOUBLE (Line Drive, 78D, EV 102.5 MPH)
|
|
Batting: SHB Jamie Locke
|
0-0: Ground out 6-3 (Groundball, 6S, EV 65.6 MPH) Eddie Gonzalez to third
|
|
Batting: RHB Ryan Rinaldi
|
0-0: Ball 1-0: Ball 2-0: Foul Ball, location: 2F 2-1: Ground out 4-3 (Groundball, 4, EV 101.9 MPH)
|
| Bottom of the 9th over - 0 runs, 1 hit, 0 errors, 1 left on base; Tri-City 9 - Boise 5 |
|